 Dungeon Crawl Stone Soup version v1.0-4-gf91daec (webtiles) character file.

184768 aspa the Sorcerer (level 18, 0/132 HPs)
             Began as an Octopode Wizard on Jan 30, 2018.
             Was a High Priest of Vehumet.
             Slain by a redback (5 damage)
             ... on level 1 of the Spider Nest on Feb 3, 2018.
             The game lasted 05:20:35 (38916 turns).

aspa the Sorcerer (Octopode Wizard)                Turns: 38916, Time: 05:20:37

Health: 0/132      AC:  3    Str: 11    XL:     18   Next: 42%
Magic:  42/54      EV: 15    Int: 45    God:    Vehumet [*****.]
Gold:   2978       SH:  5    Dex: 12    Spells: 8/63 levels left

rFire    . . .     SeeInvis .   a - +1 dagger of the Jolly Places {pierce, +Inv +Fly rC+ Int+7}
rCold    + . .     Gourm    +   J - +0 buckler
rNeg     . . .     Faith    .   k - +2 hat
rPois    +         Spirit   .   Z - amulet of the gourmand
rElec    .         Reflect  .   q - ring of poison resistance
rCorr    +         Harm     .   H - ring of stealth
MR       ++...                  d - ring of magical power
Stlth    ++++......             D - +5 ring of intelligence
HPRegen  0.32/turn              R - ring of protection from magic
MPRegen  0.34/turn              S - ring "Ulimigece" {rC- Str+5 Int+2}
                                z - ring of wizardry
                                U - ring of resist corrosion

@: deflect missiles
A: almost no armour, stealthy swim, amphibious, 8 rings, constrict 8, antennae
2, repulsion field 1, camouflage 1, blink, clever 2, cold resistance 1, robust
1, gelatinous body 1, evolution 1, MP-powered wands
a: Blink, Renounce Religion, Evoke Invisibility, Evoke Flight


You were on level 1 of the Spider Nest.
You worshipped Vehumet.
Vehumet was extremely pleased with you.
You were not hungry.

You visited 7 branches of the dungeon, and saw 28 of its levels.
You also visited: Labyrinth and Wizlab.

You collected 3228 gold pieces.
You spent 250 gold pieces at shops.

Inventory:

Hand Weapons
 a - the +1 dagger of the Jolly Places (weapon) {pierce, +Inv +Fly rC+ Int+7}
   (You found it on level 8 of the Dungeon)

   It inflicts extra damage upon your enemies.
   It affects your intelligence (+7).
   It protects you from cold.
   It lets you turn invisible.
   It lets you fly.
 b - a +2 trident of venom
Armour
 k - a +2 hat (worn)
 s - the +1 hat "Guajeyde" {-Tele +Inv Regen+ Stlth-}
   (You found it on level 6 of the Lair of Beasts)

   It lets you turn invisible.
   It prevents most forms of teleportation.
   It increases your rate of regeneration.
   It makes you less stealthy.
 J - a +0 buckler (worn)
Jewellery
 d - a ring of magical power (on tentacle)
 g - a +2 ring of slaying
 q - a ring of poison resistance (left tentacle)
 y - an uncursed ring of stealth
 z - a ring of wizardry (on tentacle)
 D - a +5 ring of intelligence (on tentacle)
 H - a ring of stealth (right tentacle)
 R - a ring of protection from magic (on tentacle)
 S - the ring "Ulimigece" (on tentacle) {rC- Str+5 Int+2}
   (You found it in a labyrinth)

   [ring of intelligence]

   It affects your strength (+5).
   It affects your intelligence (+2).
   It makes you vulnerable to cold.
 U - a ring of resist corrosion (on tentacle)
 Z - an amulet of the gourmand (around mantle)
Wands
 f - a wand of hasting (7)
 i - a wand of iceblast (5)
 j - a wand of scattershot (12)
 o - a wand of random effects (21)
 p - a wand of disintegration (11)
 r - a wand of digging (7)
 u - a wand of acid (25)
Scrolls
 e - 14 scrolls of remove curse
 h - 4 scrolls of teleportation
 l - 5 scrolls of recharging
 m - 14 scrolls of identify
 C - 4 scrolls of magic mapping
 P - 4 scrolls of fog
Potions
 n - 3 potions of flight
 x - a potion of haste
 A - 4 potions of curing
 B - 3 potions of brilliance
 F - a potion of cancellation
 G - 2 potions of resistance
 M - 3 potions of agility
Miscellaneous
 X - a sack of spiders
 Y - a shard of Zot
Comestibles
 c - 50 rations


   Skills:
 - Level 10.0 Fighting
 - Level 2.0 Dodging
 - Level 2.6 Stealth
 * Level 3.8 Shields
 + Level 23.0 Spellcasting
 - Level 8.0 Conjurations
 - Level 1.0 Summonings
 + Level 3.6 Necromancy
 - Level 1.0 Translocations
 - Level 7.0 Fire Magic
 - Level 4.0 Ice Magic
 - Level 4.0 Air Magic
 + Level 1.2 Evocations


You had 8 spell levels left.
You knew the following spells:

 Your Spells              Type           Power        Failure   Level  Hunger
a - Magic Dart            Conj           ####         0%          1    None
b - Call Imp              Summ           ######..     1%          2    None
c - Deflect Missiles      Chrm/Air       ######....   9%          6    None
d - Blink                 Tloc           N/A          1%          2    None
e - Slow                  Hex            ######..     1%          2    None
f - Conjure Flame         Conj/Fire      #######.     1%          3    None
g - Flame Tongue          Conj/Fire      #####        0%          1    None
h - Bolt of Fire          Conj/Fire      #######...   1%          6    None
i - Conjure Ball Lightni  Conj/Air       #######...   1%          6    None
j - Searing Ray           Conj           ######       0%          2    None
k - Poisonous Vapours     Pois/Air       ######       1%          2    None
l - Animate Skeleton      Necr           N/A          1%          1    None
m - Orb of Destruction    Conj           #######...   1%          7    None
n - Static Discharge      Conj/Air       #######.     1%          3    None
o - Freezing Cloud        Conj/Ice/Air   #######...   1%          6    None
p - Apportation           Tloc           ######       1%          1    None
q - Airstrike             Air            ######....   1%          4    None


Dungeon Overview and Level Annotations

Branches:
Dungeon (15/15)            Temple (1/1) D:7            Lair (6/6) D:11
 Shoals (0/4) Lair:4       Spider (2/4) Lair:2        Slime (0/5) Lair:6
    Orc (2/2) D:12            Elf (1/3) Orc:2        Vaults (0/5) D:13
 Depths (1/5) D:15

Altars:
Ashenzari
Cheibriados
Dithmenos
Elyvilon
Fedhas
Gozag
Hepliaklqana
Jiyva
Kikubaaqudgha
Makhleb
Nemelex Xobeh
Okawaru
Qazlal
Ru
Sif Muna
Trog
Uskayaw
Vehumet
Wu Jian
Xom
Yredelemnul
Zin
The Shining One
Beogh

Shops:
D:5 !   D:7 !   D:13 =?[%   Orc:1 !   Orc:2 (*[(:   Elf:1 [

Portals:
Hell: Depths:1

Annotations:
Depths:1 Bai Suzhen


Innate Abilities, Weirdness & Mutations

You cannot wear most types of armour.
You are very stealthy in the water. (Stealth+)
You are amphibious.
You can wear up to eight rings at the same time.
You can use your tentacles to constrict eight enemies at once.
Your skin changes colour to match your surroundings (Stealth+).
Your rubbery body absorbs attacks. (AC +1, EV +1)
You have a pair of antennae on your head.
You are surrounded by a mild repulsion field. (EV +2)
You can translocate small distances at will.
Your mind is very acute. (Int +4)
Your flesh is cold resistant. (rC+)
You are robust. (+10% HP)
You evolve.
You expend magic power (3 MP) to strengthen your wands.


Message History

* * * CRAB GONE DIE * * *
You are lethally poisoned!
The 8-legged redbacked crab poisons you!
The jumping 8-legged crab leaps!
The 8-legged redbacked crab bites you!
* * * CRAB GONE DIE * * *
The jumping 8-legged crab pounces on you.
* * * CRAB GONE DIE * * *
You are even more entangled.
The jumping 8-legged crab bites you.
* * * CRAB GONE DIE * * *
You scuttle upwards.
* * * CRAB GONE DIE * * *
You feel extremely sick.
There is a stone crab tunnel leading down here.
You feel better.
The hairy dogfish 8-legged crab hits you!
* * * CRAB GONE DIE * * *
The hairy dogfish 8-legged crab barely misses you.
The 8-legged redbacked crab barely misses you.
The 8-legged redbacked crab bites you.
Your journey is over little crab

##.######..###..#...
#.#.#..##.###.#####.
##.......^##^.##.#..
#............#.....
#.....##...........
#..................
#...#.#............
#ss.###....#..#....
#s@s##.#..#........
#.s..........#.....
#..^...#...........
####..................
#.##.##.....#..#...#..
###.#..##.......#......
##.#.....##.#...........
#.#.......##.#......#.#.
###..#.....###....######


You could see a demonic crawler, a wolf spider, a jumping spider and 2 redbacks.

Vanquished Creatures
  A moon troll (WizLab)
  6 tentacled starspawn (WizLab)
  2 frost giants
  A cacodemon (WizLab)
  An orc warlord (Orc:2)
  An emperor scorpion (Spider:1)
  9 stone giants
  An entropy weaver (Spider:1)
  Nessos (Lair:4)
  Snorg (Orc:2)
  A minotaur (Lab)
  Josephine (D:10)
  An ettin (Depths:1)
  2 crystal guardians (WizLab)
  A yaktaur captain (Depths:1)
  8 great orbs of eyes (WizLab)
  The ghost of Wolfechu the Basher, a journeyman GrFi of Okawaru (D:11)
  A rakshasa (Depths:1)
  10 hydras
  4 vault guards (D:13)
  4 centaur warriors
  An alligator (Lair:6)
  An ogre mage (Depths:1)
  7 two-headed ogres
  A deep troll earth mage (Depths:1)
  A queen ant (Lair:3)
  2 tengu warriors
  4 dancing weapons (Elf:1)
  2 orc high priests (Orc:2)
  Urug (Lair:2)
  7 deep elf knights (Elf:1)
  Sonja (Lair:2)
  7 skeletal warriors
  Nergalle (Lair:4)
  2 wretched stars (WizLab)
  3 glowing orange brains (WizLab)
  4 deep elf archers (Elf:1)
  An unseen horror (D:14)
  12 starcursed masses (WizLab)
  2 orange crystal statues
  2 orc knights (Orc:2)
  5 orb spiders
  10 wolf spiders (Spider:1)
  5 orc sorcerers (Orc:2)
  11 ugly things
  16 deep elf magi
  2 oklob plants (Lair:3)
  A manticore (D:14)
  3 black mambas
  A merfolk siren (Lair:4)
  6 eyes of devastation (WizLab)
  2 cyclopes (D:14)
  4 elephants
  7 spiny frogs
  A torpor snail (Spider:1)
  A water nymph (shapeshifter) (D:15)
  5 rime drakes
  2 yaktaurs
  2 demonic crawlers (Spider:1)
  9 komodo dragons
  2 tengu conjurers (Depths:1)
  3 kobold demonologists
  An efreet (D:15)
  9 trolls
  3 meliai (D:12)
  4 jumping spiders (Spider:1)
  Grinder (D:6)
  8 polar bears (Lair:6)
  2 raiju (Lair:6)
  2 slime creatures (Depths:1)
  16 blink frogs
  6 hippogriffs
  6 hornets
  A meliai zombie (D:14)
  A neqoxec (WizLab)
  A shadow (D:12)
  Sigmund (D:6)
  19 redbacks
  22 yaks
  A wyvern (D:10)
  7 wraiths
  2 tarantellas (Spider:1)
  5 basilisks
  2 golden eyes (shapeshifter) (Depths:1)
  Grum (D:11)
  A steam dragon (D:13)
  5 hungry ghosts
  Menkaure (D:4)
  2 acid dragons
  15 soldier ants (Lair:3)
  10 water moccasins
  8 wargs
  9 porcupines
  12 hell hounds (Lair:6)
  5 ice beasts
  5 sky beasts
  2 eyes of draining
  25 orc warriors
  12 black bears
  An eye of draining (shapeshifter) (D:14)
  3 necrophages
  6 phantoms
  21 wolves
  11 centaurs
  12 ogres
  4 boggarts (D:15)
  9 crocodiles
  2 big kobolds
  13 bullfrogs
  A wyvern zombie (D:6)
  An earth elemental (Elf:1)
  A water moccasin zombie (D:11)
  2 wyvern skeletons
  7 scorpions
  A water moccasin skeleton (D:8)
  22 killer bees
  9 wights
  A howler monkey (D:5)
  An electric eel (Lair:4)
  A bullfrog zombie (D:13)
  9 crimson imps
  5 centaur zombies
  5 hounds
  7 jellies
  6 centaur skeletons
  10 orc priests
  3 bullfrog skeletons
  Ijyb (D:2)
  7 iguanas
  17 orc wizards
  25 worker ants
  12 sheep (Lair:6)
  A hound zombie (D:7)
  2 worker ant zombies (D:5)
  4 gnolls
  7 adders
  2 shadow imps
  2 oozes (Lair:6)
  An adder skeleton (D:4)
  An adder zombie (D:6)
  4 worms
  5 dart slugs
  8 leopard geckos
  55 orcs
  6 bats
  5 giant cockroaches
  10 goblins
  5 hobgoblins
  7 jackals
  4 quokkas
  8 frilled lizards
  A jackal skeleton (D:7)
  33 kobolds
  2 leopard gecko skeletons
  A quokka skeleton (D:4)
  6 rats
  3 bushes (D:14)
  A demonic plant (WizLab)
  5 fungi
  7 plants
  A starspawn tentacle (WizLab)
884 creatures vanquished.

Vanquished Creatures (collateral kills)
  A centaur warrior (D:13)
  A two-headed ogre (D:12)
  A skeletal warrior (D:14)
  An orc knight (Orc:2)
  A deep elf mage (Elf:1)
  4 spiny frogs
  A polar bear (Lair:6)
  2 raiju (Lair:6)
  2 slime creatures (Depths:1)
  A hippogriff (Lair:6)
  2 blink frogs
  6 yaks (Lair:4)
  A spriggan (D:7)
  A wyvern (Lair:4)
  4 soldier ants (Lair:3)
  A hell hound (Lair:6)
  A water moccasin (Lair:4)
  A porcupine (Lair:5)
  A black bear (Lair:6)
  A phantom (D:5)
  A hornet zombie (D:15)
  4 wolves
  2 centaurs
  A crocodile (Lair:3)
  A bullfrog (Lair:4)
  A scorpion (D:4)
  A killer bee (D:5)
  A crimson imp (D:12)
  2 starcursed masses (WizLab)
  An orc priest (Orc:2)
  14 worker ants
  An adder (D:4)
  6 orcs
  A hobgoblin (D:1)
  A jackal (D:4)
  A bat (D:2)
  4 fungi
77 creatures vanquished.

Vanquished Creatures (others)
  6 ball lightnings
  A soldier ant (Lair:3)
  A jelly (D:15)
  2 kobolds (D:7)
  5 demonic plants (WizLab)
  11 fungi
  12 plants
  7 starspawn tentacles (WizLab)
45 creatures vanquished.

Grand Total: 1006 creatures vanquished

Notes
Turn   | Place    | Note
-------+----------+-------------------------------------------
     0 | D:1      | aspa the Octopode Wizard began the quest for the Orb.
     0 | D:1      | Reached XP level 1. HP: 11/11 MP: 4/4
   285 | D:1      | Reached XP level 2. HP: 11/17 MP: 0/6
   289 | D:1      | Learned a level 2 spell: Call Imp
   774 | D:1      | Reached XP level 3. HP: 21/21 MP: 2/8
   779 | D:1      | Learned a level 3 spell: Mephitic Cloud
   782 | D:1      | Learned a level 2 spell: Blink
  1303 | D:2      | Reached skill level 4 in Spellcasting
  1414 | D:2      | Noticed Ijyb
  1455 | D:2      | HP: 1/21 [hobgoblin/stone (5)]
  1482 | D:2      | Killed Ijyb
  1482 | D:2      | Reached XP level 4. HP: 23/27 MP: 0/10
  1731 | D:2      | Learned a level 2 spell: Slow
  2310 | D:3      | Reached XP level 5. HP: 31/31 MP: 6/11
  3157 | D:4      | Reached skill level 5 in Spellcasting
  3548 | D:5      | Entered Level 5 of the Dungeon
  3580 | D:4      | Reached XP level 6. HP: 33/36 MP: 0/14
  3636 | D:4      | Noticed a phantom
  3968 | D:4      | Killed a phantom
  3975 | D:4      | Reached skill level 6 in Spellcasting
  4203 | D:4      | Learned a level 3 spell: Conjure Flame
  4285 | D:4      | Noticed Menkaure
  4343 | D:4      | Killed Menkaure
  4343 | D:4      | Reached XP level 7. HP: 22/41 MP: 4/17
  4408 | D:4      | Reached skill level 7 in Spellcasting
  4573 | D:5      | Found a sacrificial altar of Ru.
  4633 | D:5      | Found a glowing silver altar of Zin.
  4679 | D:5      | Found Joytroq's Distillery.
  4695 | D:5      | Bought a potion of mutation for 88 gold pieces
  4695 | D:5      | Gained mutation: Your magical capacity is low. (-10% MP) [potion of mutation]
  4695 | D:5      | Gained mutation: You have a pair of small antennae on your head. [potion of mutation]
  4695 | D:5      | Gained mutation: You are partially covered in rugged brown scales. (AC +1, +3% HP) [potion of mutation]
  4761 | D:5      | Lost mutation: Your magical capacity is low. (-10% MP) [potion of mutation]
  4761 | D:5      | Gained mutation: Your system is resistant to poisons. (rPois) [potion of mutation]
  4761 | D:5      | Gained mutation: You possess an exceptional clarity of mind. [potion of mutation]
  4761 | D:5      | Gained mutation: You are partially covered in large bone plates. (SH +4) [potion of mutation]
  4793 | D:5      | Found a shattered altar of Ashenzari.
  5003 | D:5      | Reached skill level 8 in Spellcasting
  5011 | D:5      | Reached XP level 8. HP: 47/47 MP: 9/20
  5174 | D:5      | Noticed a hornet
  5186 | D:5      | Killed a hornet
  5186 | D:5      | Reached skill level 9 in Spellcasting
  5605 | D:5      | Noticed a six-headed hydra
  5693 | D:5      | Killed a six-headed hydra
  5693 | D:5      | Reached skill level 10 in Spellcasting
  5693 | D:5      | Reached XP level 9. HP: 52/52 MP: 1/23
  5772 | D:5      | Reached skill level 11 in Spellcasting
  5794 | D:5      | Learned a level 1 spell: Flame Tongue
  6092 | D:6      | Lost mutation: You possess an exceptional clarity of mind. [mutagenic meat]
  6093 | D:6      | Gained mutation: You are resistant to hostile enchantments. (MR+) [mutagenic meat]
  6094 | D:6      | Lost mutation: Your system is resistant to poisons. (rPois) [mutagenic meat]
  6095 | D:6      | Gained mutation: Your flesh is cold resistant. (rC+) [mutagenic meat]
  6096 | D:6      | Gained mutation: You expend magic power (3 MP) to strengthen your wands. [mutagenic meat]
  6164 | D:6      | Reached skill level 1 in Fire Magic
  6166 | D:6      | Noticed Sigmund
  6180 | D:6      | Killed Sigmund
  6380 | D:6      | Noticed Grinder
  6408 | D:6      | Killed Grinder
  6458 | D:6      | Reached skill level 12 in Spellcasting
  6635 | D:6      | Reached XP level 10. HP: 57/57 MP: 26/26
  7176 | D:7      | Found Itrutoba's Distillery.
  7513 | D:7      | Found a staircase to the Ecumenical Temple.
  7798 | Temple   | Entered the Ecumenical Temple
  7908 | Temple   | Became a worshipper of Vehumet
  8476 | D:8      | Got an encrusted dagger
  8477 | D:8      | Identified the cursed +1 dagger of the Jolly Places {pierce, +Inv +Fly rC+ Int+7} (You found it on level 8 of the Dungeon)
  9068 | Temple   | Learned a level 6 spell: Bolt of Fire
  9279 | D:10     | Entered Level 10 of the Dungeon
  9284 | D:9      | Reached skill level 13 in Spellcasting
  9452 | D:9      | Reached * piety under Vehumet
  9452 | D:9      | Offered knowledge of Freeze by Vehumet.
  9452 | D:9      | Reached skill level 5 in Conjurations
  9455 | D:9      | Learned a level 1 spell: Freeze
  9491 | D:9      | Gained mutation: You evolve. [mutagenic meat]
  9492 | D:9      | Gained mutation: Your system is resistant to poisons. (rPois) [mutagenic meat]
  9493 | D:9      | Gained mutation: Your body sometimes deteriorates upon taking damage. [mutagenic meat]
  9494 | D:9      | Gained mutation: You do not regenerate when monsters are visible. [mutagenic meat]
 10103 | D:10     | Reached XP level 11. HP: 62/62 MP: 28/28
 10220 | D:10     | Noticed Josephine
 10229 | D:10     | Killed Josephine
 10492 | D:10     | Gained mutation: You rapidly evolve. [evolution]
 10777 | D:10     | Got a warped hunting sling
 11042 | D:10     | Reached ** piety under Vehumet
 11042 | D:10     | Offered knowledge of Searing Ray by Vehumet.
 11046 | D:10     | Learned a level 2 spell: Searing Ray
 11513 | D:11     | Found a staircase to the Lair.
 11516 | D:11     | Noticed Wolfechu's ghost (journeyman GrFi)
 11596 | D:11     | Reached skill level 14 in Spellcasting
 11630 | D:11     | Noticed a two-headed ogre
 11651 | D:11     | Killed a two-headed ogre
 11931 | D:11     | Noticed Grum
 11938 | D:11     | Killed Grum
 12098 | D:11     | Learned a level 2 spell: Poisonous Vapours
 12226 | D:11     | Offered knowledge of Throw Frost by Vehumet.
 12777 | D:11     | Noticed a two-headed ogre
 12791 | D:11     | Killed a two-headed ogre
 12791 | D:11     | Reached XP level 12. HP: 67/67 MP: 28/30
 12907 | Lair:1   | Entered Level 1 of the Lair of Beasts
 12974 | Lair:1   | Reached *** piety under Vehumet
 12995 | Lair:1   | Found a labyrinth entrance.
 13001 | Lab      | Entered a labyrinth
 13077 | Lab      | Reached skill level 15 in Spellcasting
 13796 | Lab      | Got an encrusted long sword
 13798 | Lab      | Identified the +7 long sword "Guppinko" {drain, Dex+2 Stlth+} (You found it in a labyrinth)
 13799 | Lab      | Identified the +9 hunting sling of the Traitor {freeze, Str+2 Dex+6} (You took it off an orc on level 10 of the Dungeon)
 13944 | Lab      | Gained mutation: Scrolls take you a little longer to read. [mutagenic glow]
 14238 | Lab      | Noticed a minotaur
 14241 | Lab      | Killed a minotaur
 14243 | Lab      | Identified the Grimoire of Enchantment and Stones
 14243 | Lab      | Identified the Compendium of Harmful Necromancy
 14244 | Lab      | Got a vibrating platinum ring
 14245 | Lab      | Got a crude long sword
 14246 | Lab      | Identified the ring "Ulimigece" {rC- Str+5 Int+2} (You found it in a labyrinth)
 14275 | Lab      | Identified the +9 long sword of the Wraith {drain, rPois Dex+6 SInv Stlth+} (You found it in a labyrinth)
 14280 | Lab      | Learned a level 1 spell: Animate Skeleton
 14335 | Lair:1   | Noticed a five-headed hydra
 14338 | Lair:1   | Killed a five-headed hydra
 14368 | Lair:2   | Noticed Urug
 15033 | D:11     | Gained mutation: You possess an exceptional clarity of mind. [evolution]
 15055 | D:10     | Learned a level 6 spell: Iron Shot
 15131 | D:11     | Killed Wolfechu's ghost
 15131 | D:11     | Reached skill level 5 in Fire Magic
 15443 | Lair:2   | Found a hole to the Spider Nest.
 15446 | Lair:2   | Noticed Sonja
 15454 | Lair:2   | Killed Sonja
 15729 | Lair:2   | Noticed an eight-headed hydra
 15735 | Lair:2   | Killed an eight-headed hydra
 15735 | Lair:2   | Reached skill level 16 in Spellcasting
 15838 | Lair:2   | Offered knowledge of Static Discharge by Vehumet.
 15841 | Lair:2   | Killed Urug
 16426 | Lair:3   | Noticed a four-headed hydra
 16429 | Lair:3   | Killed a four-headed hydra
 16477 | Lair:3   | Learned a level 3 spell: Static Discharge
 16482 | Lair:3   | Noticed a queen ant
 16679 | Temple   | Learned a level 6 spell: Freezing Cloud
 16821 | D:12     | Reached XP level 13. HP: 73/73 MP: 29/33
 17103 | Lair:3   | Reached skill level 1 in Ice Magic
 17233 | Lair:3   | Reached **** piety under Vehumet
 17262 | Lair:3   | Offered knowledge of Yara's Violent Unravelling by Vehumet.
 17672 | Lair:3   | Lost mutation: Scrolls take you a little longer to read. [evolution]
 18157 | Lair:3   | Reached ***** piety under Vehumet
 18200 | Lair:4   | Noticed Nergalle
 18218 | Lair:4   | Reached skill level 17 in Spellcasting
 18417 | Lair:4   | Offered knowledge of Orb of Destruction by Vehumet.
 18820 | Lair:4   | Killed Nergalle
 18917 | Lair:4   | Found a staircase to the Shoals.
 19104 | Lair:4   | Lost mutation: You are resistant to hostile enchantments. (MR+) [evolution]
 19104 | Lair:4   | Lost mutation: You rapidly evolve. [decline of evolution]
 19246 | Lair:4   | Noticed Nessos
 19254 | Lair:4   | Killed Nessos
 19262 | Lair:4   | Reached skill level 18 in Spellcasting
 19415 | Lair:4   | Learned a level 7 spell: Orb of Destruction
 19619 | Lair:5   | Reached XP level 14. HP: 78/78 MP: 8/36
 19716 | Lair:5   | Learned a level 1 spell: Apportation
 20189 | Lair:6   | Entered Level 6 of the Lair of Beasts
 20600 | Lair:6   | Found a staircase to the Slime Pits.
 20762 | D:12     | Reached skill level 1 in Fighting
 20775 | D:12     | Reached XP level 15. HP: 92/96 MP: 33/37
 20782 | D:12     | Gained mutation: You can translocate small distances at will. [mutagenic meat]
 20858 | D:12     | Found a staircase to the Orcish Mines.
 20868 | D:12     | Found a roughly hewn altar of Beogh.
 21232 | D:13     | Found Xeneuhou's Magic Scroll Boutique.
 21456 | D:12     | Offered knowledge of Airstrike by Vehumet.
 21462 | D:12     | Learned a level 4 spell: Airstrike
 21462 | D:12     | Found a snail-covered altar of Cheibriados.
 22264 | D:13     | Found Mimanumn's Antique Armour Boutique.
 22350 | D:13     | Found Jafio's Jewellery Shop.
 22400 | D:13     | Gained mutation: Your mind is acute. (Int +2) [mutagenic meat]
 22402 | D:13     | Gained mutation: You are surrounded by a mild repulsion field. (EV +2) [mutagenic meat]
 22408 | D:13     | Lost mutation: You possess an exceptional clarity of mind. [mutagenic meat]
 22409 | D:13     | Gained mutation: Scrolls take you a little longer to read. [mutagenic meat]
 22422 | D:13     | Reached skill level 19 in Spellcasting
 22532 | D:13     | Found a gate to the Vaults.
 22966 | D:13     | Gained mutation: You possess an exceptional clarity of mind. [evolution]
 23115 | D:13     | You fall through a shaft for 2 floors!
 23115 | D:15     | Entered Level 15 of the Dungeon
 23770 | D:15     | Found a glowing silver altar of Zin.
 23770 | D:15     | Noticed an angel
 24049 | D:15     | Found a staircase to the Depths.
 24049 | D:15     | Noticed a frost giant
 24060 | D:15     | Killed a frost giant
 24193 | D:15     | Got an encrusted whip
 24196 | D:15     | Identified the +7 whip of Redole {vamp, rN+ Int+3} (You found it on level 15 of the Dungeon)
 24383 | D:14     | Reached XP level 16. HP: 108/108 MP: 6/39
 24873 | D:14     | Gained mutation: You have a pair of antennae on your head. [evolution]
 25138 | D:14     | Reached skill level 20 in Spellcasting
 25404 | D:14     | Identified the Tome of Ashen Transmigration
 26014 | D:13     | Offered knowledge of Venom Bolt by Vehumet.
 26028 | D:13     | Found Jurich's Food Shoppe.
 26131 | D:13     | Got a slimy falchion
 26134 | D:13     | Identified the +7 falchion of Desperation {speed, *Rage rElec Str+6} (You found it on level 13 of the Dungeon)
 26641 | Depths:1 | Entered Level 1 of the Depths
 26707 | Depths:1 | Found a gateway to Hell.
 27057 | Depths:1 | Noticed Bai Suzhen
 27703 | Lair:1   | Gained mutation: Your mind is very acute. (Int +4) [evolution]
 29101 | Lair:6   | Reached skill level 1 in Evocations
 29112 | Lair:6   | Offered knowledge of Conjure Ball Lightning by Vehumet.
 29134 | Lair:6   | Learned a level 6 spell: Conjure Ball Lightning
 29428 | Lair:6   | Reached skill level 21 in Spellcasting
 29662 | Lair:6   | Got a steaming hat
 29683 | Lair:6   | Identified the +1 hat "Guajeyde" {-Tele +Inv Regen+ Stlth-} (You found it on level 6 of the Lair of Beasts)
 30148 | D:13     | Bought a scroll of amnesia for 52 gold pieces
 30157 | D:13     | Learned a level 6 spell: Deflect Missiles
 30217 | Orc:1    | Entered Level 1 of the Orcish Mines
 30383 | Orc:1    | Found Ydots's Distillery.
 30390 | Orc:1    | Bought a potion of heal wounds for 55 gold pieces
 30390 | Orc:1    | Bought a potion of heal wounds for 55 gold pieces
 30565 | Orc:2    | Entered Level 2 of the Orcish Mines
 30590 | Orc:2    | Found Pousepsete's General Store.
 30908 | Orc:2    | Noticed Snorg
 30913 | Orc:2    | Killed Snorg
 30954 | Orc:2    | Found a staircase to the Elven Halls.
 31317 | Orc:2    | Found Uptiuw's Antique Weapon Shoppe.
 31679 | Orc:2    | Found Memmyx's Book Shoppe.
 31743 | Orc:2    | Found Etrig's Weapon Shop.
 31799 | Orc:2    | Reached XP level 17. HP: 117/117 MP: 41/42
 32023 | Orc:2    | Reached skill level 10 in Fighting
 32034 | Orc:2    | Found Ramoph's Antique Armour Boutique.
 32342 | Elf:1    | Entered Level 1 of the Elven Halls
 32360 | Elf:1    | Found a magical portal.
 32364 | Elf:1    | Found Adiakhev's Armour Boutique.
 32544 | WizLab   | Entered Lehudib's Moon Base
 32592 | WizLab   | Offered knowledge of Blade of Disaster by Vehumet.
 32738 | WizLab   | Reached skill level 1 in Necromancy
 33294 | WizLab   | Noticed a tentacled starspawn
 33296 | WizLab   | Killed a tentacled starspawn
 33360 | WizLab   | Lost mutation: You do not regenerate when monsters are visible. [evolution]
 33373 | WizLab   | Noticed a tentacled starspawn
 33377 | WizLab   | Killed a tentacled starspawn
 33377 | WizLab   | Reached skill level 1 in Air Magic
 33868 | WizLab   | Noticed a tentacled starspawn
 33871 | WizLab   | Killed a tentacled starspawn
 34045 | WizLab   | Noticed a tentacled starspawn
 34048 | WizLab   | Killed a tentacled starspawn
 34048 | WizLab   | Reached skill level 22 in Spellcasting
 34347 | WizLab   | Noticed a tentacled starspawn
 34353 | WizLab   | Killed a tentacled starspawn
 34431 | WizLab   | Found a transporter.
 34813 | WizLab   | Noticed a tentacled starspawn
 34816 | WizLab   | Killed a tentacled starspawn
 35073 | WizLab   | Lost mutation: Your system is resistant to poisons. (rPois) [potion of mutation]
 35073 | WizLab   | Lost mutation: Scrolls take you a little longer to read. [potion of mutation]
 35073 | WizLab   | Lost mutation: Your body sometimes deteriorates upon taking damage. [potion of mutation]
 35073 | WizLab   | Gained mutation: You occasionally shout uncontrollably at your foes. [potion of mutation]
 35073 | WizLab   | Gained mutation: You are frail. (-10% HP) [potion of mutation]
 35073 | WizLab   | Lost mutation: You are frail. (-10% HP) [potion of mutation]
 35074 | WizLab   | Lost mutation: You possess an exceptional clarity of mind. [potion of mutation]
 35074 | WizLab   | Lost mutation: You are partially covered in rugged brown scales. (AC +1, +3% HP) [potion of mutation]
 35074 | WizLab   | Lost mutation: You are partially covered in large bone plates. (SH +4) [potion of mutation]
 35074 | WizLab   | Gained mutation: You are robust. (+10% HP) [potion of mutation]
 35075 | WizLab   | Lost mutation: You occasionally shout uncontrollably at your foes. [potion of mutation]
 35075 | WizLab   | Lost mutation: Your flesh is cold resistant. (rC+) [potion of mutation]
 35075 | WizLab   | Gained mutation: Devices are less effective at restoring your health. [potion of mutation]
 35075 | WizLab   | Gained mutation: Your flesh is cold resistant. (rC+) [potion of mutation]
 35295 | WizLab   | Identified Lehudib's Handbook of Mutagenic Clay
 35297 | WizLab   | Lost mutation: Devices are less effective at restoring your health. [evolution]
 35324 | WizLab   | Noticed a moon troll
 35332 | WizLab   | Killed a moon troll
 35414 | WizLab   | Found a transporter.
 35444 | WizLab   | Got a warped great sword
 35445 | WizLab   | Identified the +9 great sword of the Middle {speed, rC+} (You found it in a wizard's laboratory)
 35485 | Elf:1    | Offered knowledge of Poison Arrow by Vehumet.
 35667 | Elf:1    | Reached skill level 1 in Shields
 35985 | Elf:1    | Reached XP level 18. HP: 99/132 MP: 35/44
 37392 | Spider:1 | Entered Level 1 of the Spider Nest
 38065 | Spider:1 | Reached skill level 23 in Spellcasting
 38915 | Spider:1 | HP: 4/132 [poisoned by a redback]
 38916 | Spider:1 | Slain by a redback

Skill      XL: |  1  2  3  4  5  6  7  8  9 10 11 12 13 14 15 16 17 18 |
---------------+-------------------------------------------------------+-----
Spellcasting   | 4 5 6 8 10 12 13 14 16 18 19 21 22 23 | 23.0
Conjurations   | 2 3 6 8 |  8.0
Fire Magic     | 2 4 7 |  7.0
Ice Magic      | 4 |  4.0
Fighting       | 6 8 9 10 | 10.0
Evocations     | 1 |  1.2
Necromancy     | 2 3 |  3.6
Air Magic      | 4 |  4.0
Shields        | 1 3 |  3.8
Dodging        | |  2.0
Stealth        | |  2.6
Summonings     | |  1.0
Translocations | |  1.0

Action                   |  1- 3 |  4- 6 |  7- 9 | 10-12 | 13-15 | 16-18 || total
-------------------------+-------+-------+-------+-------+-------+-------++-------
Melee: Unarmed           |    29 |       |       |       |       |       ||    29
       Constrict         |    14 |     9 |    17 |    25 |    11 |    21 ||    97
       Tentacles         |     3 |     7 |    12 |    28 |     8 |    22 ||    80
       Short sword       |    16 |    49 |    13 |       |       |       ||    78
       Halberd           |       |    21 |     2 |    28 |       |       ||    51
       Dagger            |       |       |    67 |    66 |    43 |    93 ||   269
       Mace              |       |       |       |    85 |       |       ||    85
 Cast: Magic Dart        |    67 |    98 |   125 |   173 |    15 |    11 ||   489
       Call Imp          |     3 |     9 |    15 |     9 |       |     3 ||    39
       Mephitic Cloud    |       |     4 |    15 |    43 |     8 |       ||    70
       Conjure Flame     |       |     1 |    22 |    67 |    10 |     1 ||   101
       Blink             |       |       |    13 |    14 |    10 |    15 ||    52
       Flame Tongue      |       |       |    18 |   258 |       |       ||   276
       Bolt of Fire      |       |       |       |    47 |   188 |   372 ||   607
       Searing Ray       |       |       |       |    41 |    53 |    38 ||   132
       Animate Skeleton  |       |       |       |     7 |    82 |    79 ||   168
       Iron Shot         |       |       |       |     4 |     1 |       ||     5
       Poisonous Vapours |       |       |       |     3 |       |       ||     3
       Freezing Cloud    |       |       |       |       |    27 |    31 ||    58
       Orb of Destructio |       |       |       |       |     9 |    93 ||   102
       Static Discharge  |       |       |       |       |     1 |     2 ||     3
       Airstrike         |       |       |       |       |     3 |     2 ||     5
       Conjure Ball Ligh |       |       |       |       |       |     4 ||     4
       Deflect Missiles  |       |       |       |       |       |     4 ||     4
       Slow              |       |       |       |       |       |     2 ||     2
Evoke: Wand              |       |     3 |    11 |       |     4 |    12 ||    30
       Sack of spiders   |       |       |       |       |       |     1 ||     1
  Use: Potion            |     2 |     1 |     2 |     9 |    12 |    14 ||    40
       Scroll            |       |       |     5 |    10 |    13 |    17 ||    45
 Stab: Sleeping          |     3 |     5 |     1 |       |     1 |     1 ||    11
       Confused          |       |       |       |     4 |       |       ||     4
       Distracted        |       |       |       |     1 |       |       ||     1
  Eat: Chunk             |     2 |     9 |     8 |    39 |    36 |    42 ||   136
       Ration            |       |       |     1 |     2 |       |       ||     3
Armor: Skin              |     9 |     4 |     7 |    11 |    14 |    13 ||    58
Dodge: Dodged            |    39 |    29 |    33 |    62 |    68 |   126 ||   357
       Deflected         |       |       |       |       |       |    22 ||    22
Block: Other             |       |       |     5 |    13 |    17 |    13 ||    48
       Buckler           |       |       |       |       |       |     6 ||     6
